 Dungeon Crawl Stone Soup version 0.24.0-37-gcf1ca852f1 (webtiles) character file.

Game seed: 2323606010627775824, levelgen mode: deterministic

1445605 Velka12 the Slayer (level 27, 196/196 HPs)
             Began as a Gargoyle Earth Elementalist on Dec 6, 2019.
             Was an Initiate of Gozag.
             Escaped with the Orb
             ... and 3 runes on Dec 7, 2019!
             The game lasted 03:56:57 (99338 turns).

Velka12 the Slayer (Gargoyle Earth Elementalist)   Turns: 99338, Time: 03:56:57

Health: 196/196    AC: 44    Str: 17    XL:     27
Magic:  65/65      EV: 16    Int: 34    God:    Gozag
Gold:   8510       SH: 34    Dex: 12    Spells: 18/66 levels left

rFire    + + .     SeeInvis +   a - +6 long sword "Jeom" {freeze, +Inv MP+9 Dex-3}
rCold    + . .     Gourm    .   s - +6 large shield
rNeg     + + .     Faith    .   U - +5 ring mail of Death's Door {MR+}
rPois    ∞         Spirit   .   t - +2 helmet
rElec    +         Reflect  .   n - scarf {rC+ rF+}
rCorr    .         Harm     .   k - +2 pair of gloves {Dex+3}
MR       +++++     Clarity  +   F - +2 pair of boots "Seahut" {Int+3 SInv}
Stlth    +.........             m - amulet of the Four Winds {rN+ MR+++ Clar}
HPRegen  0.42/turn              x - ring "Isarodo" {rF+ MP+9}
MPRegen  0.39/turn              c - ring of the King {Int+5 Dex+4}

@: flying
A: big wings, large bone plates 1, clumsy 1, negative energy resistance 1,
screaming 1, electricity resistance, strong 1, wild magic 1, unbreathing,
petrification resistance, rot immunity, AC +20
0: Orb of Zot
}: 3/15 runes: serpentine, barnacled, slimy
a: Stop Flying, Potion Petition, Call Merchant, Bribe Branch, Renounce Religion,
Evoke Invisibility


You escaped.
You worshipped Gozag.
Gozag was greatly pleased with you.
You were not hungry.

You visited 11 branches of the dungeon, and saw 56 of its levels.
You visited 1 bazaar.

You collected 33218 gold pieces.
You spent 4704 gold pieces at shops.
You paid 20004 gold pieces to Gozag.

Inventory:

Hand Weapons
 a - the +6 long sword "Jeom" (weapon) {freeze, +Inv MP+9 Dex-3}
   (You bought it in a shop on level 6 of the Dungeon)

   It has been specially enchanted to freeze those struck by it, causing extra
   injury to most foes and up to half again as much damage against particularly
   susceptible opponents.
   It can also slow down cold-blooded creatures.
   It affects your dexterity (-3).
   It affects your magic capacity (+9).
   It lets you turn invisible.
Armour
 k - a +2 pair of gloves of dexterity (worn)
 n - a scarf of resistance (worn)
 s - a +6 large shield (worn)
 t - a +2 helmet (worn)
 F - the +2 pair of boots "Seahut" (worn) {Int+3 SInv}
   (You bought it in a shop on level 2 of the Vaults)

   It affects your intelligence (+3).
   It lets you see invisible.
 U - the +5 ring mail of Death's Door (worn) {MR+}
   (You found it on level 12 of the Dungeon)

   It affects your resistance to hostile enchantments.
Jewellery
 b - an uncursed ring of stealth {unknown}
 c - the ring of the King (right hand) {Int+5 Dex+4}
   (You took it off a tengu warrior on level 2 of the Depths)

   [ring of intelligence]

   It affects your intelligence (+5).
   It affects your dexterity (+4).
 m - the amulet of the Four Winds (around neck) {rN+ MR+++ Clar}
   (You bought it in a shop in a bazaar)

   [amulet of nothing]

   It protects you from negative energy.
   It affects your resistance to hostile enchantments.
   It protects you against confusion.
 x - the ring "Isarodo" (left hand) {rF+ MP+9}
   (You bought it in a shop in a bazaar)

   [ring of magical power]

   It protects you from fire.
   It affects your magic capacity (+9).
Wands
 I - a wand of scattershot (9)
 L - a wand of digging (6)
 O - a wand of acid (30)
Scrolls
 f - 20 scrolls of remove curse
 g - 14 scrolls of immolation
 l - 7 scrolls of fear
 v - 23 scrolls of teleportation
 B - 8 scrolls of identify
 D - 5 scrolls of summoning
 G - 7 scrolls of enchant weapon
 P - a scroll of holy word
 R - 4 scrolls of blinking
 S - 14 scrolls of fog
 Y - 2 scrolls of silence
Potions
 h - 12 potions of agility
 i - 5 potions of heal wounds
 j - 6 potions of cancellation
 o - 5 potions of ambrosia
 p - 17 potions of curing
 q - 9 potions of might
 r - 6 potions of mutation
 u - 4 potions of magic
 z - 7 potions of brilliance
 A - 3 potions of resistance
 E - 2 potions of invisibility
 M - 4 potions of haste
Miscellaneous
 e - a lamp of fire
 T - 3 phantom mirrors
Comestibles
 d - 10 rations


   Skills:
 + Level 26.3 Fighting
 - Level 13.0 Armour
 * Level 9.9 Dodging
 - Level 2.1 Stealth
 - Level 25.0 Shields
 - Level 20.0 Spellcasting
 - Level 18.0 Conjurations
 - Level 4.0 Hexes
 - Level 3.0 Charms
 - Level 12.0 Summonings
 - Level 6.0 Necromancy
 - Level 0.7 Transmutations
 - Level 12.0 Earth Magic


You had 18 spell levels left.
You knew the following spells:

 Your Spells              Type           Power        Failure   Level  Hunger
a - Iron Shot             Conj/Erth      ########..   1%          6    None
b - Orb of Destruction    Conj           ########..   1%          7    #......
c - Spellforged Servitor  Conj/Summ      ########..   4%          7    #......
d - Summon Mana Viper     Hex/Summ       #######.     3%          5    None
e - Lee's Rapid Deconstr  Erth           ########..   1%          5    None
f - Borgnjor's Vile Clut  Necr/Erth      #######...   2%          5    None
g - Regeneration          Chrm/Necr      ######....   1%          3    None
h - Blink                 Tloc           N/A          4%          2    None
i - Shadow Creatures      Summ           N/A          3%          6    None
k - Passwall              Tmut/Erth      #######.     1%          2    None

Your spell library contained the following spells:

 Spells                   Type           Power        Failure   Level  Hunger
 Animate Skeleton         Necr           N/A          1%          1    None
 Confusing Touch          Hex            ######       1%          1    None
 Corona                   Hex            ######.      1%          1    None
 Flame Tongue             Conj/Fire      #####        1%          1    None
 Infusion                 Chrm           ####         1%          1    None
 Magic Dart               Conj           ####         1%          1    None
 Pain                     Necr           ####         1%          1    None
 Sandblast                Erth           ######       1%          1    None
 Shock                    Conj/Air       ####         1%          1    None
 Sting                    Conj/Pois      ####         1%          1    None
 Summon Butterflies       Summ           ########     1%          1    None
 Summon Small Mammal      Summ           ####         1%          1    None
 Call Imp                 Summ           ########     1%          2    None
 Corpse Rot               Necr           N/A          1%          2    None
 Searing Ray              Conj           ######       1%          2    None
 Slow                     Hex            ######..     1%          2    None
 Song of Slaying          Chrm           ######..     1%          2    None
 Throw Flame              Conj/Fire      ######       1%          2    None
 Call Canine Familiar     Summ           ########     1%          3    None
 Confuse                  Hex            ######..     1%          3    None
 Conjure Flame            Conj/Fire      #######.     1%          3    None
 Dazzling Spray           Conj/Hex       ######       1%          3    None
 Mephitic Cloud           Conj/Pois/Air  #######.     1%          3    None
 Recall                   Summ/Tloc      N/A          1%          3    None
 Static Discharge         Conj/Air       #######.     1%          3    None
 Stone Arrow              Conj/Erth      ######       1%          3    None
 Summon Guardian Golem    Hex/Summ       #######.     1%          3    None
 Tukima's Dance           Hex            ######..     1%          3    None
 Vampiric Draining        Necr           #######...   1%          3    None
 Force Lance              Conj/Tloc      #######.     1%          4    None
 Fulminant Prism          Conj/Hex       #######...   1%          4    None
 Iskenderun's Mystic Bla  Conj           ########     1%          4    None
 Leda's Liquefaction      Hex/Erth       #######...   1%          4    None
 Sticky Flame             Conj/Fire      #######.     1%          4    None
 Aura of Abjuration       Summ           ########..   1%          5    None
 Bolt of Magma            Conj/Fire/Erth #######...   1%          5    None
 Irradiate                Conj/Tmut      #######...   1%          5    None
 Iskenderun's Battlesphe  Conj/Chrm      #######.     1%          5    None
 Summon Demon             Summ           ########..   1%          5    None
 Beastly Appendage        Tmut           ######       2%          1    None
 Ensorcelled Hibernation  Hex/Ice        ######       2%          2    None
 Shroud of Golubria       Chrm/Tloc      ######       2%          2    None
 Swiftness                Chrm/Air       ######..     2%          2    None
 Spectral Weapon          Hex/Chrm       ######..     2%          3    None
 Animate Dead             Necr           N/A          2%          4    None
 Petrify                  Tmut/Erth      #######.     2%          4    None
 Summon Ice Beast         Ice/Summ       #######.     2%          4    None
 Summon Lightning Spire   Summ/Air       #######.     2%          4    None
 Fireball                 Conj/Fire      #######...   2%          5    None
 Lightning Bolt           Conj/Air       #######...   2%          5    None
 Venom Bolt               Conj/Pois      #######...   2%          5    None
 Apportation              Tloc           #####.       3%          1    None
 Sticks to Snakes         Tmut           ######..     3%          2    None
 Inner Flame              Hex/Fire       ######..     3%          3    None
 Portal Projectile        Hex/Tloc       ######       3%          3    None
 Poisonous Vapours        Pois/Air       #####.       4%          2    None
 Cause Fear               Hex            ######....   4%          4    None
 Spider Form              Tmut/Pois      #####.....   6%          3    None
 Summon Forest            Summ/Tloc      #######...   6%          5    None
 Gell's Gravitas          Tloc           #####.....   7%          3    None
 Ignite Poison            Fire/Tmut/Pois #####...     7%          3    None
 Lesser Beckoning         Tloc           #####.....   7%          3    None
 Teleport Other           Tloc           #####...     7%          3    None
 Bolt of Cold             Conj/Ice       #######...   9%          6    None
 Bolt of Fire             Conj/Fire      #######...   9%          6    None
 Summon Hydra             Summ           ########..   13%         7    #......
 Ice Form                 Ice/Tmut       #####...     19%         4    None
 Airstrike                Air            #####.....   21%         4    None
 Olgreb's Toxic Radiance  Pois           #####...     21%         4    None
 Yara's Violent Unravell  Hex/Tmut       ######....   22%         5    None
 Metabolic Englaciation   Hex/Ice        ######....   26%         5    None
 Silence                  Hex/Air        ######....   26%         5    None
 Death Channel            Necr           #######...   26%         6    None
 Freezing Cloud           Conj/Ice/Air   #######...   26%         6    None
 Blade Hands              Tmut           ######....   38%         5    None
 Alistair's Intoxication  Tmut/Pois      #####...     43%         5    None
 Darkness                 Hex            ######....   50%         6    None
 Invisibility             Hex            ######..     50%         6    None
 Simulacrum               Ice/Necr       ######....   63%         6    None
 Hydra Form               Tmut           ######....   90%         6    None
 Ozocubu's Refrigeration  Ice            #####.....   95%         6    None
 Dragon Form              Tmut           ######....   100%        7    #......
 Ignition                 Fire           #####.....   100%        8    ####...
 Dragon's Call            Summ           ########..   100%        9    ######.
 Shatter                  Erth           ########..   100%        9    ######.
 Tornado                  Air            #####.....   100%        9    ######.
 Sublimation of Blood     Necr           Unusable     N/A         2    N/A
 Passage of Golubria      Tloc           Unusable     N/A         4    N/A
 Statue Form              Tmut/Erth      Unusable     N/A         6    N/A

Dungeon Overview and Level Annotations

Branches:
Dungeon (15/15)            Temple (0/1) D:7            Lair (6/6) D:9
 Shoals (4/4) Lair:3        Snake (4/4) Lair:2        Slime (5/5) Lair:5
    Orc (2/2) D:10            Elf (3/3) Orc:2        Vaults (4/5) D:14
  Crypt (3/3) Vaults:3       Tomb (0/3) Crypt:3      Depths (5/5) D:15
    Zot (5/5) Depths:5

Altars:
Ashenzari
Cheibriados
Dithmenos
Fedhas
Gozag
Hepliaklqana
Kikubaaqudgha
Makhleb
Okawaru
Qazlal
Ru
Sif Muna
Trog
Uskayaw
Yredelemnul
The Shining One
Jiyva

Shops:
D:6 (   Orc:1 ?   Orc:2 (*?:   Elf:2 [   Elf:3 }   Shoals:3 !   Vaults:2 *
Vaults:4 (   Zot:5 =*[   Depths:1 %[[(:(

Portals:
Hell: Depths:1 Depths:2 Depths:3 Depths:4 Depths:5
Abyss: Depths:4
Pandemonium: Depths:2 Depths:3 Depths:4
Ziggurat: Depths:1
Trove: Elf:2 (give +3 fire dragon scales)

Annotations:
D:6 3 runed translucent doors, Belius's ghost, amateur FoAK
D:8 exclusion: downstairs
Lair:2 3 runed translucent doors, Ciovowug's ghost, journeyman DrTm; Raikaria's ghost, journeyman GnIE; happy's ghost, journeyman DDFi; hitsuchi's ghost, journeyman OpFi; teukkam's ghost, journeyman MiFi
Lair:5 exclusion: oklob plant
Shoals:3 3 runed translucent doors, Keherigeeg's ghost, adept FoCK
Snake:4 Icun's ghost, journeyman GnWr
Elf:2 3 runed translucent doors
Depths:1 3 runed translucent doors


Innate Abilities, Weirdness & Mutations

You are resistant to torment.
Your stone body is resilient. (AC +20)
You are immune to poison.
Your large and strong wings let you fly indefinitely.
You resist negative energy. (rN+)
You are resistant to electric shocks. (rElec)
You can survive without breathing.
You are immune to petrification.
You are immune to rotting.
You are partially covered in large bone plates. (SH +4)
You are clumsy. (Dex -2)
You occasionally shout uncontrollably at your foes.
Your muscles are strong. (Str +2)
Your spells are a little harder to cast, but a little more powerful.


Message History

(V) Vaults (C) Crypt (W) Tomb (U) Depths (H) Hell (Z) Zot
Where to? (Enter - D:1 @ (x,y), ? - help)
What level of the Dungeon? (default 1, ? - help)
There is a stone staircase leading up here.
You fly upwards.
There is a stone staircase leading down here.
There is a stone staircase leading up here.
You fly upwards.
There is a stone staircase leading down here.
Magic restored.
You see here a +0 club.
You see here a +0 short sword.
Your extra speed is starting to run out.
You feel yourself slow down.
There is an open gate here.
There is a staircase leading out of the dungeon here.
There is a staircase leading out of the dungeon here.
You can't go down here!
You have escaped!

#.....♣.....♣.........#
#.....................#
#......#'''#......#.#.#
#....###...###........####
#....#.......#....#.......
#....#.......#............
#....#.......#....#.#.####
########....#.......#....#.#.#
............#...@...#....#)#.#
..........###.......###..#.#.#
..........#...........#..#...#
..........#.8.......8.#......#
#######...#...#####...#..##..###
#...#####...#####........##
#..........................
#......................####
##.........⌠........##..#


There were no monsters in sight!

Vanquished Creatures
  the Royal Jelly (Slime:5)
  An orb of fire (Zot:3)
  Mennas (Vaults:2)
  Mara (Vaults:3)
  2 juggernauts
  2 ancient liches (Zot:5)
  Sojobo (Vaults:1)
  Margery (Vaults:3)
  2 curse toes
  Xtahua (Vaults:3)
  A Killer Klown (Zot:5)
  Saint Roka (Crypt:1)
  3 caustic shrikes (Depths:5)
  10 golden dragons
  A bone dragon (Crypt:3)
  3 electric golems
  2 tentacled monstrosities
  Asterion (Vaults:1)
  8 liches
  4 Orb Guardians
  5 deep elf blademasters
  18 acid blobs
  3 quicksilver dragons (Zot:1)
  6 death cobs
  6 deep elf master archers
  A kraken (Shoals:3)
  3 sphinxes
  Polyphemus (Shoals:3)
  8 shadow dragons
  Kirke (D:15)
  8 storm dragons
  6 tengu reavers
  6 azure jellies
  A revenant (Crypt:1)
  A daeva (Depths:3)
  10 frost giants
  14 nagarajas
  2 fire giants
  8 deep elf sorcerers
  Ilsuiw (Shoals:3)
  A draconian scorcher (Zot:2)
  Aizul (Depths:2)
  10 vault wardens
  4 orc warlords (Depths:4)
  2 draconian knights
  An angel (D:6)
  2 curse skulls
  6 deep elf elementalists (Elf:3)
  4 war gargoyles
  A draconian stormcaller (Zot:1)
  2 reapers
  A draconian annihilator (Depths:5)
  17 very ugly things
  2 draconian shifters
  16 stone giants
  2 spriggan defenders (Depths:3)
  5 vampire knights
  12 ironheart preservers
  A caustic shrike skeleton (Crypt:2)
  A green draconian (Zot:1)
  5 black draconians
  5 purple draconians
  4 deep elf demonologists (Elf:3)
  10 spark wasps
  A lorocyproca (D:5)
  2 eidola
  3 merfolk javelineers
  11 deep elf annihilators (Elf:3)
  2 red draconians
  3 white draconians
  10 death oozes (Slime:5)
  2 jiangshi (Crypt:3)
  2 blizzard demons (D:15)
  12 ettins
  11 yaktaur captains
  8 deep elf death magi
  12 fire dragons
  17 ogre magi
  8 merfolk impalers
  10 great orbs of eyes
  2 rakshasas
  9 deep elf high priests (Elf:3)
  9 vault guards
  2 quicksilver dragon zombies
  8 ice dragons
  9 hydras
  2 merfolk avatars
  Erica (D:11)
  9 centaur warriors
  4 catoblepae
  A monstrous demonspawn (Depths:2)
  4 anacondas
  4 death knights
  33 two-headed ogres
  12 merfolk aquamancers
  12 naga warriors
  A satyr (Shoals:4)
  5 deep troll shamans
  6 tengu warriors
  6 death yaks
  8 deep troll earth magi
  5 vampire magi
  9 shock serpents
  13 naga sharpshooters
  2 soul eaters
  3 spriggan berserkers (Depths:2)
  4 spriggans
  A storm dragon zombie (Crypt:3)
  22 deep elf knights
  2 storm dragon skeletons (Crypt:3)
  2 iron trolls
  13 sea snakes
  6 salamander mystics
  23 skeletal warriors
  18 hell knights
  3 unseen horrors
  A shadow wraith (Vaults:1)
  A death drake (shapeshifter) (Vaults:2)
  3 torturous demonspawn
  2 flayed ghosts
  2 shadow demons (Depths:4)
  A swamp dragon (shapeshifter) (D:15)
  21 deep elf archers
  17 harpies
  10 ironbrand convokers
  A lindwurm (Lair:6)
  23 deep trolls
  A deep troll (shapeshifter) (D:15)
  6 naga ritualists
  9 wizards
  2 glowing orange brains
  3 phantasmal warriors
  An orb spider (shapeshifter) (Vaults:2)
  19 orc knights
  A frost giant zombie (Vaults:2)
  3 necromancers
  5 orc sorcerers
  3 mana vipers
  78 deep elf magi
  A stone giant zombie (Crypt:3)
  15 fauns
  6 wolf spiders
  11 salamanders
  A sphinx zombie (Vaults:1)
  A salamander (shapeshifter) (Depths:2)
  5 shining eyes
  22 moths of wrath
  An iron dragon skeleton (Crypt:3)
  12 manticores
  46 ugly things
  A manticore (shapeshifter) (Depths:1)
  7 cyclopes
  4 guardian serpents
  A stone giant skeleton (Crypt:2)
  A black mamba (shapeshifter) (Vaults:2)
  Maurice (D:13)
  A rust devil (Depths:2)
  17 elephants
  6 merfolk sirens
  2 human skeletons
  14 vault sentinels
  34 naga magi
  Psyche (D:9)
  5 water nymphs
  28 black mambas
  4 eyes of devastation
  An orange demon (Depths:2)
  4 molten gargoyles (D:9)
  6 gargoyles
  13 spiny frogs
  2 smoke demons (Crypt:3)
  A spiny frog (shapeshifter) (Vaults:4)
  A torpor snail (Lair:6)
  A black draconian zombie (Crypt:1)
  A tormentor (Depths:2)
  A yaktaur zombie (Vaults:2)
  3 komodo dragons
  40 yaktaurs
  An efreet (D:15)
  4 rime drakes
  2 komodo dragons (shapeshifter)
  An alligator snapping turtle skeleton (Crypt:2)
  11 freezing wraiths
  2 hellwings
  2 ice devils
  3 red devils (Crypt:3)
  A harpy zombie (Crypt:3)
  2 tengu conjurers
  9 hornets
  A meliai (shapeshifter) (Vaults:4)
  A jumping spider (shapeshifter) (Vaults:3)
  5 wind drakes
  3 meliai (D:12)
  A queen bee (D:12)
  5 trolls
  27 merfolk
  A harpy skeleton (Crypt:3)
  73 slime creatures
  24 blink frogs
  13 dream sheep
  7 snapping turtles
  An ettin zombie (Crypt:3)
  A hornet (shapeshifter) (Elf:3)
  A large abomination (Depths:4)
  2 blink frogs (shapeshifter)
  22 hippogriffs
  2 meliai zombies
  A flying skull (Crypt:1)
  7 shadows
  2 alligator skeletons
  29 water elementals
  5 air elementals
  A ynoxinul (Depths:3)
  A black mamba zombie (Crypt:2)
  Sigmund (D:5)
  9 wraiths
  4 vampires (Crypt:3)
  An ettin skeleton (Vaults:1)
  10 wyverns
  A golden eye (shapeshifter) (Depths:1)
  6 golden eyes
  23 yaks
  17 fire elementals
  5 basilisks
  2 fire bats (D:10)
  A hog (shapeshifter) (D:13)
  2 steam dragons
  4 hungry ghosts
  Menkaure (D:5)
  9 vampire mosquitoes
  A naga (shapeshifter) (D:15)
  A torturous demonspawn zombie (Crypt:1)
  44 nagas
  4 wargs
  6 hell hounds
  7 acid dragons
  A soldier ant (D:11)
  15 water moccasins
  A floating eye (shapeshifter) (Vaults:1)
  4 porcupines
  5 ice beasts
  3 black bears
  2 sky beasts
  An eye of draining (shapeshifter) (Vaults:3)
  54 orc warriors
  10 boggarts
  A necrophage (D:12)
  An orc zombie (Vaults:2)
  31 ogres
  A phantom (D:6)
  10 eyes of draining
  4 wolves
  13 centaurs
  15 crocodiles
  An elf zombie (Crypt:3)
  7 big kobolds
  21 bullfrogs
  A cyclops zombie (Crypt:1)
  5 earth elementals
  2 wyvern zombies
  A yaktaur skeleton (Crypt:2)
  4 scorpions
  A water moccasin zombie (D:11)
  41 killer bees
  An orc simulacrum (Vaults:2)
  A water moccasin skeleton (D:7)
  A polar bear skeleton (Crypt:2)
  10 wights
  3 electric eels
  6 centaur zombies
  4 bullfrog zombies
  10 crimson imps
  2 human simulacra
  A wolf skeleton (Crypt:2)
  A wyvern simulacrum (D:15)
  3 iron imps (Depths:2)
  6 hounds
  A quasit (Depths:2)
  29 orc priests
  2 bullfrog skeletons
  7 jellies
  18 orc wizards
  5 centaur skeletons
  13 worker ants
  Natasha (thrice) (D:3)
  7 iguanas
  5 hell rats (Lair:5)
  A killer bee zombie (D:7)
  2 felid zombies (Crypt:2)
  3 hound zombies
  A hound skeleton (D:6)
  A worker ant zombie (D:7)
  13 adders
  6 shadow imps
  5 oozes
  A worm zombie (Crypt:1)
  An adder zombie (Crypt:2)
  2 adder skeletons
  3 dart slugs
  A dart slug (shapeshifter) (D:15)
  4 leopard geckos
  113 orcs
  5 giant cockroaches
  8 goblins
  3 hobgoblins
  4 jackals (D:11)
  5 quokkas
  3 ball pythons
  11 bats
  4 frilled lizards
  2 jackal skeletons
  26 kobolds
  A kobold skeleton (Crypt:3)
  A kobold zombie (Crypt:2)
  A quokka skeleton (D:7)
  A quokka zombie (D:6)
  8 rats
  A fungus (Elf:2)
  13 plants
  A tentacle (Shoals:3)
2276 creatures vanquished.

Vanquished Creatures (collateral kills)
  An ancient lich (Zot:5)
  A caustic shrike (Depths:5)
  A curse toe (Zot:4)
  6 golden dragons
  A bone dragon (Depths:5)
  2 electric golems
  3 tentacled monstrosities
  14 Orb Guardians
  2 deep elf master archers (Depths:4)
  A deep elf blademaster (Depths:4)
  An acid blob (Lair:5)
  2 death cobs
  4 shadow dragons
  A tengu reaver (Depths:5)
  Donald (Crypt:2)
  A fire giant (Depths:2)
  3 draconian monks
  3 storm dragons
  A ghost moth (Zot:4)
  3 draconian scorchers
  A draconian stormcaller (Zot:1)
  4 draconian shifters
  3 very ugly things
  4 draconian annihilators
  A vampire knight (Depths:5)
  2 yellow draconians
  2 black draconians
  2 green draconians
  2 purple draconians
  5 red draconians
  3 white draconians
  3 spark wasps (Depths:5)
  An ettin (Depths:5)
  A death ooze (Slime:5)
  A mummy priest (Crypt:3)
  A deep elf high priest (Depths:4)
  An eidolon (Crypt:1)
  A jiangshi (Crypt:1)
  A yaktaur captain (Depths:5)
  A fire dragon (Zot:1)
  A great orb of eyes (Depths:5)
  A quicksilver dragon skeleton (Crypt:3)
  A deep troll shaman (Depths:4)
  A vampire mage (Crypt:1)
  A deep troll earth mage (Depths:4)
  2 deep elf knights (Depths:4)
  A storm dragon zombie (Crypt:3)
  A skeletal warrior (Crypt:3)
  4 iron trolls
  3 hell knights (Crypt:3)
  A flayed ghost (Crypt:2)
  A shadow demon (Depths:2)
  2 ugly things
  10 moths of wrath
  A black mamba (shapeshifter) (Depths:1)
  An eye of devastation (Slime:4)
  3 smoke demons (Crypt:3)
  An efreet (Zot:2)
  A red devil (Crypt:3)
  22 slime creatures
  2 vampires (Crypt:3)
  2 flying skulls (Crypt:1)
  5 fire elementals (Zot:2)
  An orc warrior (Crypt:1)
  2 orc priests (Crypt:1)
  A swamp drake zombie (Crypt:1)
  An orc (Crypt:1)
165 creatures vanquished.

Vanquished Creatures (others)
  An orb of fire (Zot:5)
  2 ancient liches (Zot:5)
  A Killer Klown (Zot:5)
  A caustic shrike (Depths:5)
  A golden dragon (Zot:5)
  An electric golem (Zot:2)
  6 tentacled monstrosities
  9 Orb Guardians (Zot:5)
  An acid blob (Slime:5)
  2 death cobs
  A storm dragon (Zot:2)
  3 draconian monks
  A ghost moth (Zot:3)
  4 draconian scorchers
  5 draconian knights
  2 draconian stormcallers (Zot:5)
  2 draconian shifters (Zot:2)
  3 green draconians
  A vampire knight (Crypt:1)
  6 purple draconians
  7 white draconians
  9 red draconians
  3 yellow draconians
  5 black draconians
  3 yaktaur captains
  A naga warrior (Snake:4)
  18 dancing weapons
  4 satyrs
  A deep elf knight (Elf:2)
  A deep elf archer (Elf:1)
  4 deep elf magi
  2 fauns
  4 moths of wrath
  A rime drake (Zot:1)
  8 yaktaurs
  A water elemental (Shoals:3)
  2 humans (D:15)
  8 fire elementals (Zot:2)
  3 ogres
  An orc (D:11)
  8 fungi
  20 plants
  8 tentacles (Shoals:3)
175 creatures vanquished.

Grand Total: 2616 creatures vanquished

Notes
Turn   | Place    | Note
-------+----------+-------------------------------------------
     0 | D:1      | Velka12 the Gargoyle Earth Elementalist began the quest for
                  | the Orb.
     0 | D:1      | Reached XP level 1. HP: 10/10 MP: 3/3
   208 | D:1      | Reached XP level 2. HP: 15/15 MP: 0/5
   265 | D:1      | Learned a level 2 spell: Passwall
   553 | D:1      | Found a shattered altar of Ashenzari.
   803 | D:1      | Reached XP level 3. HP: 19/19 MP: 6/6
   811 | D:1      | Learned a level 3 spell: Stone Arrow
  1612 | D:2      | Reached skill level 1 in Conjurations
  1939 | D:3      | Reached XP level 4. HP: 24/24 MP: 8/8
  2011 | D:3      | Noticed Natasha
  2021 | D:3      | Killed Natasha
  2021 | D:3      | Reached skill level 5 in Earth Magic
  2142 | D:3      | Noticed Natasha
  2213 | D:3      | Killed Natasha
  2213 | D:3      | Reached XP level 5. HP: 25/28 MP: 5/9
  2526 | D:3      | Noticed Natasha
  2530 | D:3      | Killed Natasha
  2695 | D:4      | Found an iron altar of Okawaru.
  2761 | D:4      | Noticed an ogre
  3245 | D:3      | Learned a level 4 spell: Petrify
  3349 | D:4      | Reached XP level 6. HP: 27/32 MP: 0/11
  3503 | D:4      | Found an opulent altar of Gozag.
  3646 | D:4      | Became a worshipper of Gozag Ym Sagoz the Greedy
  3986 | D:4      | Found a stormy altar of Qazlal.
  4092 | D:4      | Found an ancient bone altar of Kikubaaqudgha.
  4092 | D:4      | Found an iron altar of Okawaru.
  4219 | D:5      | Entered Level 5 of the Dungeon
  4306 | D:5      | Reached XP level 7. HP: 33/36 MP: 12/12
  4432 | D:5      | Found a sacrificial altar of Ru.
  4432 | D:5      | Found a snail-covered altar of Cheibriados.
  4433 | D:5      | Found a burning altar of Makhleb.
  4470 | D:5      | Noticed Menkaure
  4480 | D:5      | Killed Menkaure
  4480 | D:5      | Reached skill level 1 in Fighting
  4556 | D:5      | Noticed Sigmund
  5046 | D:6      | Reached skill level 2 in Fighting
  5058 | D:6      | Reached XP level 8. HP: 44/44 MP: 10/15
  5115 | D:6      | Found a runed translucent gate.
  5115 | D:6      | Found a runed translucent gate.
  5115 | D:6      | Found a runed translucent gate.
  5122 | D:6      | Noticed Belius's ghost (amateur FoAK)
  5148 | D:6      | Reached skill level 5 in Spellcasting
  5148 | D:6      | Reached skill level 5 in Conjurations
  5312 | D:6      | Learned a level 1 spell: Animate Skeleton
  5318 | D:6      | Learned a level 5 spell: Lee's Rapid Deconstruction
  5363 | D:6      | Reached skill level 3 in Fighting
  5670 | D:6      | Found Olaot's Antique Weapon Emporium.
  6279 | D:6      | Bought a jewelled long sword for 255 gold pieces
  6279 | D:6      | Identified the +6 long sword "Jeom" {freeze, +Inv MP+9
                  | Dex-3} (You bought it in a shop on level 6 of the Dungeon)
  6422 | D:7      | Reached skill level 4 in Fighting
  6422 | D:7      | Reached XP level 9. HP: 42/52 MP: 18/18
  6491 | D:7      | Found a staircase to the Ecumenical Temple.
  7257 | D:8      | Found a blossoming altar of Fedhas.
  7540 | D:8      | Reached skill level 5 in Fighting
  8507 | D:9      | Noticed a molten gargoyle
  8549 | D:9      | Found a burning altar of Makhleb.
  8585 | D:9      | Noticed Psyche
  8604 | D:9      | Killed Psyche
  8604 | D:9      | Reached skill level 6 in Fighting
  8604 | D:9      | Reached XP level 10. HP: 47/60 MP: 21/22
  8711 | D:9      | Noticed a molten gargoyle
  8835 | D:9      | Found a staircase to the Lair.
  8835 | D:9      | Noticed an elephant
  9260 | D:9      | Noticed a molten gargoyle
  9470 | D:9      | Killed an unseen horror
  9470 | D:9      | Reached skill level 7 in Fighting
  9470 | D:9      | Reached skill level 10 in Earth Magic
  9717 | D:9      | Killed an elephant
  9964 | D:9      | Reached skill level 10 in Spellcasting
  9972 | D:9      | Reached XP level 11. HP: 64/68 MP: 6/25
  9974 | D:9      | Reached skill level 8 in Fighting
 10145 | D:9      | Noticed a three-headed hydra
 10150 | D:9      | Killed a three-headed hydra
 10413 | D:9      | Found a hazy altar of Hepliaklqana.
 10509 | D:10     | Entered Level 10 of the Dungeon
 11898 | D:10     | Found a transporter.
 12229 | D:10     | Found a staircase to the Orcish Mines.
 12242 | D:10     | Found a transporter.
 12535 | D:11     | Reached skill level 9 in Fighting
 12670 | D:11     | Learned a level 3 spell: Regeneration
 12796 | D:11     | Noticed Erica
 12804 | D:11     | Killed Erica
 13257 | D:11     | Found a basalt altar of Yredelemnul.
 13266 | D:11     | Noticed a cyan ugly thing
 13646 | D:11     | Killed a cyan ugly thing
 13892 | Lair:1   | Entered Level 1 of the Lair of Beasts
 13971 | Lair:1   | Reached skill level 1 in Shields
 13971 | Lair:1   | Reached XP level 12. HP: 62/76 MP: 21/27
 15148 | Lair:2   | Found a staircase to the Snake Pit.
 15292 | Lair:2   | Found a runed translucent gate.
 15292 | Lair:2   | Found a runed translucent gate.
 15292 | Lair:2   | Found a runed translucent gate.
 15296 | Lair:2   | Noticed teukkam's ghost (journeyman MiFi)
 15296 | Lair:2   | Noticed Ciovowug's ghost (journeyman DrTm)
 15297 | Lair:2   | Noticed Raikaria's ghost (journeyman GnIE)
 15297 | Lair:2   | Noticed happy's ghost (journeyman DDFi)
 15298 | Lair:2   | Noticed hitsuchi's ghost (journeyman OpFi)
 15774 | Lair:2   | Reached skill level 10 in Fighting
 16421 | Lair:3   | Noticed a four-headed hydra
 16775 | Lair:3   | Killed a four-headed hydra
 17286 | Lair:3   | Found a staircase to the Shoals.
 17292 | Lair:3   | Reached XP level 13. HP: 80/83 MP: 20/29
 17758 | D:5      | Killed Sigmund
 18183 | Lair:4   | Reached skill level 5 in Shields
 19625 | Lair:5   | Reached skill level 11 in Fighting
 20528 | Lair:5   | Found a staircase to the Slime Pits.
 21058 | Lair:6   | Entered Level 6 of the Lair of Beasts
 21783 | Lair:6   | Gained mutation: Your large and strong wings let you fly
                  | indefinitely. [Gargoyle growth]
 21783 | Lair:6   | Reached XP level 14. HP: 59/91 MP: 20/32
 22180 | Lair:6   | Reached skill level 12 in Fighting
 24219 | D:12     | Reached skill level 15 in Spellcasting
 24483 | D:12     | Got an encrusted ring mail
 24494 | D:12     | Identified the +5 ring mail of Death's Door {MR+} (You
                  | found it on level 12 of the Dungeon)
 26622 | D:13     | Identified a scroll of acquirement
 26678 | D:13     | Reached skill level 13 in Fighting
 26878 | D:13     | Identified a +1 pair of boots of running (You acquired it
                  | on level 13 of the Dungeon)
 27025 | D:13     | Noticed Maurice
 27029 | D:13     | Killed Maurice
 27105 | D:14     | Got a flickering emerald amulet
 27177 | D:14     | Reached XP level 15. HP: 98/98 MP: 25/34
 27426 | D:14     | Found a gate to the Vaults.
 27461 | D:14     | Found a sacrificial altar of Ru.
 27708 | D:14     | Reached skill level 10 in Shields
 28175 | D:14     | Noticed a tengu reaver
 28178 | D:14     | Killed a tengu reaver
 28373 | D:15     | Entered Level 15 of the Dungeon
 28600 | D:13     | Identified the amulet of Coulutir {Acrobat rF+ rN+++ MR+
                  | Str-4} (You found it on level 14 of the Dungeon)
 29303 | D:15     | Found a hide-covered altar of Uskayaw.
 29303 | D:15     | Found a snail-covered altar of Cheibriados.
 29304 | D:15     | Found a shadowy altar of Dithmenos.
 30139 | D:15     | Noticed a storm dragon
 30383 | D:15     | Killed a storm dragon
 30383 | D:15     | Reached skill level 14 in Fighting
 31719 | D:15     | Noticed Kirke
 31726 | D:15     | Killed Kirke
 31849 | D:15     | Reached XP level 16. HP: 107/107 MP: 33/36
 32124 | D:15     | Noticed a tengu reaver
 32138 | D:15     | Killed a tengu reaver
 32754 | D:15     | Got a transparent mace
 32756 | D:15     | Identified the +3 mace of Absolution {protect, MR- Dex+8
                  | SInv} (You found it on level 15 of the Dungeon)
 33508 | D:15     | Found a staircase to the Depths.
 33890 | Orc:1    | Entered Level 1 of the Orcish Mines
 34360 | Orc:1    | Found a burning altar of Makhleb.
 34458 | Orc:1    | Found Finapru's Magic Scroll Shop.
 34732 | Orc:1    | Bought a scroll of blinking for 105 gold pieces
 34809 | Orc:1    | Bought a scroll of identify for 28 gold pieces
 34809 | Orc:1    | Bought a scroll of identify for 28 gold pieces
 34809 | Orc:1    | Bought a scroll of identify for 28 gold pieces
 34859 | Orc:2    | Entered Level 2 of the Orcish Mines
 34859 | Orc:2    | Found a staircase to the Elven Halls.
 34867 | Orc:2    | Reached skill level 1 in Armour
 35510 | Orc:2    | Reached skill level 15 in Fighting
 35942 | Orc:2    | Found Sicear's Assorted Antiques.
 35942 | Orc:2    | Found Esigar's Magic Scroll Shop.
 35942 | Orc:2    | Found Esmasmi's Book Boutique.
 35946 | Orc:2    | Found Olois's Antique Weapon Shoppe.
 35950 | Orc:2    | Bought a potion of mutation for 304 gold pieces
 35950 | Orc:2    | Bought 2 scrolls labeled MENAOCKIRGHU for 76 gold pieces
 36356 | Orc:2    | Found a bloodstained altar of Trog.
 36509 | Orc:2    | Bought a book of Dreams for 900 gold pieces
 36516 | Orc:2    | Learned a level 5 spell: Borgnjor's Vile Clutch
 36728 | Snake:1  | Entered Level 1 of the Snake Pit
 37529 | Snake:2  | Reached skill level 1 in Necromancy
 38088 | Snake:2  | Got a steaming diamond amulet
 38320 | Snake:2  | Noticed a nagaraja
 38327 | Snake:2  | Killed a nagaraja
 38872 | Snake:3  | Found a transporter.
 38873 | Snake:3  | Found a shimmering blue altar of Sif Muna.
 38875 | Snake:3  | Noticed a nagaraja
 38876 | Snake:3  | Noticed a nagaraja
 38895 | Snake:3  | Noticed a nagaraja
 39557 | Snake:3  | Noticed a nagaraja
 39651 | Snake:3  | Noticed a nagaraja
 39717 | Snake:3  | Reached XP level 17. HP: 113/113 MP: 10/38
 41011 | Snake:3  | Identified the +4 scythe "Zosozete" {vamp, +Blink rElec rN+
                  | Int+4}
 41242 | Snake:4  | Entered Level 4 of the Snake Pit
 41429 | Snake:3  | Reached skill level 5 in Armour
 42307 | Snake:4  | Identified the amulet "Uruifiq" {Acrobat +Blink rC+ Dex+3}
                  | (You found it on level 2 of the Snake Pit)
 43804 | Snake:4  | Got a serpentine rune of Zot
 43880 | Snake:4  | Reached skill level 16 in Fighting
 43924 | Snake:4  | Noticed Icun's ghost (journeyman GnWr)
 43925 | Snake:4  | Found a transporter.
 43967 | Snake:4  | Got a fine morningstar
 43968 | Snake:4  | Identified the +6 morningstar "Dagu" {crush, *Rage +Rage
                  | rN+++ MR-} (You found it on level 4 of the Snake Pit)
 43991 | Snake:4  | Found a transporter.
 44079 | Snake:4  | Reached XP level 18. HP: 77/120 MP: 22/40
 44642 | Snake:3  | Reached skill level 5 in Necromancy
 44967 | Snake:3  | Found a transporter.
 45029 | Snake:3  | Learned a level 2 spell: Blink
 45345 | Elf:1    | Entered Level 1 of the Elven Halls
 46368 | Elf:1    | Reached skill level 15 in Shields
 47256 | Elf:1    | Reached skill level 17 in Fighting
 47870 | Elf:2    | Reached skill level 10 in Armour
 47955 | Elf:2    | Found a portal to a secret trove of treasure.
 48050 | Elf:2    | Reached XP level 19. HP: 96/128 MP: 34/41
 48406 | Elf:2    | Found Boz Zagh's Armour Shoppe.
 48435 | Elf:2    | Found a runed translucent door.
 48581 | Elf:2    | Found a runed translucent gate.
 48581 | Elf:2    | Found a runed translucent gate.
 48581 | Elf:2    | Found a runed translucent gate.
 48916 | Elf:3    | Entered Level 3 of the Elven Halls
 48993 | Elf:3    | Got a steaming scale mail
 48995 | Elf:3    | Identified the +4 scale mail of Jigsaw {rN+ Int+4 Dex+3
                  | SInv} (You found it on level 3 of the Elven Halls)
 49098 | Elf:3    | Noticed a Tzitzimitl
 49306 | Elf:3    | Reached skill level 1 in Charms
 49527 | Elf:3    | Found Lamu's Gadget Shoppe.
 49836 | Elf:3    | Identified the +0 chain mail of a bailey {rElec}
 49931 | Elf:3    | Identified the ring "Pemeng" {rF+ rC+ MR- Dex+2}
 50110 | Elf:3    | Reached skill level 18 in Fighting
 50740 | Elf:3    | Identified the +6 long sword of Exquisite Torment {slice,
                  | rElec Dex+2}
 50774 | Elf:3    | Identified the +1 chain mail "Mutatr Pynwo" {+Fly rF++
                  | Str-4 Int+4}
 51094 | Elf:3    | Identified the cursed +3 mace of Might {drain, +Fly Int+6
                  | Dex+4}
 51568 | Elf:3    | Reached XP level 20. HP: 114/137 MP: 6/42
 51767 | Elf:3    | Identified the +2 robe of the Evening Star {*Drain Regen+
                  | Int+5}
 52069 | Elf:3    | Identified Sif Muna's Papyrus of Changing and Ice
 52543 | Elf:3    | Identified Ruomogel's Catalogue of the Birds and Changing
 52658 | Elf:3    | Learned a level 6 spell: Iron Shot
 52666 | Elf:3    | Learned a level 7 spell: Orb of Destruction
 52674 | Elf:3    | Learned a level 7 spell: Spellforged Servitor
 52982 | D:10     | Found the +2 cloak of the Thief {+Fog Slay-2 SInv Stlth+}
 53212 | Shoals:1 | Entered Level 1 of the Shoals
 53600 | Shoals:1 | Reached skill level 1 in Summonings
 55134 | Shoals:2 | You are sucked into a shaft and drop 1 floor!
 55134 | Shoals:3 | Noticed Ilsuiw
 55151 | Shoals:3 | Found Goh Ifi's Distillery.
 55449 | Shoals:2 | Reached skill level 19 in Fighting
 56459 | Shoals:3 | Noticed Polyphemus
 56629 | Shoals:3 | Killed Polyphemus
 56636 | Shoals:3 | Killed Ilsuiw
 57104 | Shoals:3 | Bought a potion of heal wounds for 80 gold pieces
 58093 | Shoals:3 | Found a runed translucent gate.
 58093 | Shoals:3 | Found a runed translucent gate.
 58093 | Shoals:3 | Found a runed translucent gate.
 58236 | Shoals:3 | Noticed Keherigeeg's ghost (adept FoCK)
 58275 | Shoals:4 | Entered Level 4 of the Shoals
 58548 | Shoals:4 | Reached skill level 5 in Summonings
 58548 | Shoals:4 | Reached XP level 21. HP: 144/144 MP: 34/43
 59151 | Shoals:4 | Reached skill level 10 in Conjurations
 59240 | Shoals:4 | Got a barnacled rune of Zot
 59311 | Shoals:4 | Got a scorched scale mail
 59312 | Shoals:4 | Identified the +3 scale mail of the Wild Haggis {rCorr
                  | Int-2 Stlth+} (You found it on level 4 of the Shoals)
 60113 | Vaults:1 | Entered Level 1 of the Vaults
 60425 | Vaults:1 | Noticed Sojobo
 60426 | Vaults:1 | Noticed Asterion
 60442 | Vaults:1 | Killed Asterion
 60445 | Vaults:1 | Killed Sojobo
 62567 | Vaults:2 | Reached skill level 20 in Fighting
 63407 | Vaults:2 | Noticed Mennas
 63417 | Vaults:2 | Killed Mennas
 63417 | Vaults:2 | Reached XP level 22. HP: 139/152 MP: 15/44
 64792 | Vaults:2 | Found Koqaunie's General Store.
 64816 | Vaults:2 | Bought the +2 pair of boots "Seahut" {Int+3 SInv} for 480
                  | gold pieces
 65181 | Vaults:3 | Noticed Mara
 65192 | Vaults:3 | Killed Mara
 66221 | Vaults:3 | Found a staircase to the Crypt.
 66311 | Vaults:3 | Noticed Margery
 66344 | Vaults:3 | Killed Margery
 66577 | Vaults:3 | Noticed Xtahua
 66595 | Vaults:3 | Killed Xtahua
 66595 | Vaults:3 | Reached skill level 21 in Fighting
 66838 | Vaults:3 | Learned a level 5 spell: Summon Mana Viper
 66929 | Vaults:3 | Reached skill level 10 in Summonings
 67229 | Vaults:3 | Reached skill level 1 in Hexes
 67359 | Vaults:3 | Reached XP level 23. HP: 160/160 MP: 45/45
 67916 | Vaults:4 | Found Wiuskuem's Antique Weapon Shoppe.
 69498 | Depths:1 | Entered Level 1 of the Depths
 69511 | Depths:1 | Found a gateway to a bazaar.
 69777 | Depths:1 | Found Kiroh's Armour Emporium.
 69784 | Depths:1 | Found Xauceokh's Food Shoppe.
 69817 | Depths:1 | Found a gateway to a ziggurat.
 70117 | Depths:1 | Found a runed translucent gate.
 70117 | Depths:1 | Found a runed translucent gate.
 70117 | Depths:1 | Found a runed translucent gate.
 70129 | Depths:1 | Found Xureheyr's Book Emporium.
 70142 | Depths:1 | Found a gateway to Hell.
 70143 | Depths:1 | Found Obefiry's Antique Weapon Shoppe.
 70780 | Depths:1 | Found Peecvib's Antique Weapon Shop.
 71055 | Depths:1 | Found Fergh's Armour Emporium.
 71829 | Depths:2 | Noticed Aizul
 71838 | Depths:2 | Noticed a juggernaut
 71842 | Depths:2 | Killed Aizul
 71862 | Depths:2 | Killed a juggernaut
 71880 | Depths:2 | Reached XP level 24. HP: 104/166 MP: 11/45
 72478 | Depths:2 | Found a one-way gate leading to the halls of Pandemonium.
 73146 | Depths:2 | You are sucked into a shaft and drop 1 floor!
 73294 | Depths:2 | Identified the ring of the King {Int+5 Dex+4}
 73516 | Depths:2 | Reached skill level 22 in Fighting
 73688 | Depths:2 | Identified the Almanac of Aerial Summoning
 75349 | Depths:3 | Found a glowing golden altar of the Shining One.
 76504 | Depths:4 | Identified the +6 great mace "Irag" {crush, +Inv rC+}
 76511 | Depths:4 | Reached skill level 15 in Conjurations
 77113 | Depths:4 | Reached XP level 25. HP: 68/173 MP: 3/45
 77491 | Depths:4 | Identified the +10 great sword of Extinguishment {venom,
                  | +Rage rPois Int-4 Stlth+}
 78121 | Depths:4 | Found a one-way gate to the infinite horrors of the Abyss.
 78301 | Depths:4 | Found an iron altar of Okawaru.
 78954 | Crypt:1  | Entered Level 1 of the Crypt
 79068 | Crypt:1  | Noticed Saint Roka
 79095 | Crypt:1  | Killed Saint Roka
 80750 | Crypt:2  | Noticed Donald
 80758 | Crypt:2  | Killed Donald
 80977 | Crypt:3  | Entered Level 3 of the Crypt
 82146 | Crypt:3  | Found the +12 glaive of Prune {chop}
 82562 | Crypt:3  | Found a staircase to the Tomb.
 82605 | Crypt:3  | Got an ancient platinum amulet
 82659 | Crypt:3  | Identified Sif Muna's Collected Works on Earth and
                  | Necromancy
 82970 | Crypt:3  | Identified the amulet of Jaor {Faith MR+ Slay+3} (You found
                  | it on level 3 of the Crypt)
 83533 | Slime:1  | Entered Level 1 of the Pits of Slime
 84744 | Slime:1  | Reached XP level 26. HP: 158/181 MP: 4/46
 85213 | Slime:4  | Gained mutation: You are clumsy. (Dex -2) [a shining eye]
 85456 | Slime:3  | Gained mutation: Your spells are a little easier to cast,
                  | but a little less powerful. [a shining eye]
 85563 | Slime:5  | Entered Level 5 of the Pits of Slime
 85955 | Slime:5  | Found a viscous altar of Jiyva.
 87210 | Slime:5  | Noticed the Royal Jelly
 87526 | Slime:5  | Gained mutation: You occasionally shout uncontrollably at
                  | your foes. [a shining eye]
 87527 | Slime:5  | Gained mutation: Armour fits poorly on your strangely
                  | shaped body. [a shining eye]
 87949 | Slime:5  | Killed the Royal Jelly
 87949 | Slime:5  | Reached skill level 23 in Fighting
 88195 | Slime:5  | Got a wavering pewter ring
 88200 | Slime:5  | Got a slimy rune of Zot
 88227 | Slime:5  | Got an ancient ivory amulet
 88244 | Slime:5  | Identified the amulet "Kiwig" {Faith rC+ Str+2} (You found
                  | it on level 5 of the Pits of Slime)
 88248 | Slime:5  | Identified the ring of Discretion {rN+ Str+4} (You found it
                  | on level 5 of the Pits of Slime)
 88254 | Slime:5  | Got a faintly glowing broad axe
 88255 | Slime:5  | Identified the cursed +3 broad axe "Tere Rai" {flame,
                  | Str+2} (You found it on level 5 of the Pits of Slime)
 88619 | Slime:5  | Lost mutation: Your spells are a little easier to cast, but
                  | a little less powerful. [potion of mutation]
 88619 | Slime:5  | Lost mutation: Armour fits poorly on your strangely shaped
                  | body. [potion of mutation]
 88619 | Slime:5  | Lost mutation: You are clumsy. (Dex -2) [potion of
                  | mutation]
 88619 | Slime:5  | Lost mutation: You occasionally shout uncontrollably at
                  | your foes. [potion of mutation]
 88619 | Slime:5  | Gained mutation: You occasionally shout uncontrollably at
                  | your foes. [potion of mutation]
 88619 | Slime:5  | Gained mutation: You are clumsy. (Dex -2) [potion of
                  | mutation]
 88619 | Slime:5  | Gained mutation: You are partially covered in large bone
                  | plates. (SH +4) [potion of mutation]
 89495 | Orc:2    | Bought a scroll of acquirement for 884 gold pieces
 89808 | Bazaar   | Entered a bazaar
 89808 | Bazaar   | Found Kastraj's Magic Scroll Shoppe.
 89808 | Bazaar   | Found Ubifru's Gadget Emporium.
 89812 | Bazaar   | Found Jaevubol's Jewellery Emporium.
 89826 | Bazaar   | Found Kepp's Antique Armour Shoppe.
 89849 | Bazaar   | Bought a scroll of enchant armour for 97 gold pieces
 89861 | Bazaar   | Bought the amulet of the Four Winds {rN+ MR+++ Clar} for
                  | 395 gold pieces
 89861 | Bazaar   | Found the amulet of the Four Winds {rN+ MR+++ Clar}
 89861 | Bazaar   | Bought the amulet "Ramar" {Reflect rC+ Str+2 SH+2} for 231
                  | gold pieces
 89861 | Bazaar   | Bought the ring "Isarodo" {rF+ MP+9} for 306 gold pieces
 90008 | Depths:5 | Entered Level 5 of the Depths
 90010 | Depths:5 | Noticed a juggernaut
 90026 | Depths:5 | Killed a juggernaut
 90702 | Depths:5 | Reached skill level 24 in Fighting
 91399 | Depths:5 | Found a gate to the Realm of Zot.
 91782 | Zot:1    | Entered Level 1 of the Realm of Zot
 91847 | Zot:1    | Reached XP level 27. HP: 188/192 MP: 11/47
 92117 | Depths:5 | Learned a level 6 spell: Shadow Creatures
 92880 | Zot:1    | Reached skill level 25 in Fighting
 93255 | Zot:1    | Got an ancient silver amulet
 93381 | Zot:1    | Identified the amulet "Tojiegh" {Acrobat rPois rC+ Str+2}
                  | (You found it on level 1 of the Realm of Zot)
 93417 | Zot:2    | Noticed an orb of fire
 93847 | Zot:2    | Noticed an orb of fire
 94127 | Zot:2    | Noticed an orb of fire
 94934 | Zot:3    | Noticed an orb of fire
 94941 | Zot:3    | Killed an orb of fire
 95186 | Zot:3    | Reached skill level 5 in Dodging
 95296 | Zot:3    | You are sucked into a shaft and drop 1 floor!
 97067 | Zot:5    | Entered Level 5 of the Realm of Zot
 97511 | Zot:5    | Noticed an ancient lich
 97592 | Zot:5    | Killed an ancient lich
 97658 | Zot:5    | Reached skill level 26 in Fighting
 97668 | Zot:5    | Noticed an orb of fire
 97678 | Zot:5    | Noticed an orb of fire
 97696 | Zot:5    | Killed an orb of fire
 97700 | Zot:5    | Noticed an ancient lich
 97701 | Zot:5    | Noticed an ancient lich
 97711 | Zot:5    | Noticed an ancient lich
 97712 | Zot:5    | Noticed an ancient lich
 97718 | Zot:5    | Killed an ancient lich
 97723 | Zot:5    | Killed an ancient lich
 97724 | Zot:5    | Killed an ancient lich
 98575 | Zot:5    | Bought a potion of mutation for 264 gold pieces
 98577 | Zot:5    | Bought a dazzling hat for 243 gold pieces
 98577 | Zot:5    | Identified the +2 hat of Vlad {+Blink rElec} (You bought it
                  | in a shop on level 5 of the Realm of Zot)
 98582 | Zot:5    | Got the Orb of Zot
 98743 | Zot:1    | Gained mutation: Your spells are a little harder to cast,
                  | but a little more powerful. [an orb of fire]
 98753 | Zot:1    | Gained mutation: Your muscles are strong. (Str +2) [an orb
                  | of fire]
 98816 | Depths:4 | Noticed Uhapy the pandemonium lord
 99041 | D:15     | Noticed Kodef the pandemonium lord
 99041 | D:15     | Noticed an ancient lich
 99265 | D:4      | Noticed Leri the pandemonium lord
 99338 | D:$      | Escaped with the Orb!

Levels and vault maps discovered:
D:1:      wander_arrival_estate, layout_rooms, evilmike_ruin_ashenzari
D:2:      layout_loops_ring
D:3:      layout_basic, uniq_natasha
D:4:      layout_basic, gammafunk_temple_overflow_wave, marbit_many_paths,
          grunt_qazlal_sundering, first_ration, okawaru_ov_weapons_minmay
D:5:      layout_rooms, gammafunk_temple_overflow_claw, uniq_sigmund,
          uniq_menkaure
D:6:      minmay_diamond_boxcup, layout_basic, gammafunk_ghost_necromancy,
          serial_shops, nicolae_shop_crystal
D:7:      layout_loops_cross, minmay_temple_entry_gardened_gates
D:8:      statuecave_lemuel, layout_loops_ring, supply_closet_lemuel,
          fedhas_altar_1
D:9:      layout_stronghold, lemuel_round_altar, david_lair_generic,
          basic_altar, hangedman_ranch [blue_anna_fruit_fields], minivault_8,
          uniq_psyche
D:10:     gammafunk_cloud_chamber, layout_stronghold, orc_0_dummy
D:11:     layout_basic, basic_altar, uniq_erica
D:12:     layout_basic, special_room [special_room_bee], minmay_bent
D:13:     layout_long_grid, uniq_maurice
D:14:     layout_rooms, david_vaults_2, basic_altar, nicolae_water_bricks,
          kennysheep_just_a_vault
D:15:     hangedman_slaughterboxes, serial_shops, uniq_kirke
Lair:1:   layout_chaotic_city, serial_bayou_shore_a
Lair:2:   layout_layer_cave, minmay_snake_entry_guardpost_large,
          gammafunk_ghost_cemetery, infiniplex_staircase_pool_2,
          grunt_megastairs_3
Lair:3:   layout_long_grid, elwin_shoals_entry_rooms,
          chequers_serial_rivers_small_3, serial_bayou_crossing,
          grunt_megastairs_4
Lair:4:   layout_long_grid, lemuel_fruit_tree, infiniplex_staircase_pool,
          grunt_megastairs_5
Lair:5:   layout_gridlike, nicolae_slime_entry_slimehenge, special_room
          [special_room_mythical_zoo], chequers_serial_rivers_large_a,
          serial_bayou_shore_b, minmay_lair_oklob_chamber
Lair:6:   hangedman_lair_in_review, layout_cave_pods
Shoals:1: layout_shoals
Shoals:2: layout_shoals
Shoals:3: layout_shoals, gammafunk_ghost_necromancy, serial_shops, shop,
          nicolae_shoals_aquamancer_cove, uniq_ilsuiw, uniq_polyphemus
Shoals:4: shoals_end_grunt_garden, layout_shoals
Snake:1:  layout_gridlike
Snake:2:  layout_basic
Snake:3:  gammafunk_sealed_library, layout_gridlike, grunt_ministairs_11,
          library_closet, nrook_loot_triangle, serial_bayou_pond_d
Snake:4:  snake_pit, layout_misc_corridors, gammafunk_ghost_arena
Slime:1:  layout_caves
Slime:2:  layout_caves
Slime:3:  layout_caves, nicolae_slime_barrier,
          cheibrodos_slime_lost_civilization_6
Slime:4:  layout_caves
Slime:5
Orc:1:    layout_diamond_mine, serial_shops, shop_scrolls, basic_altar
Orc:2:    st_orc_rangers, layout_diamond_mine, david_defended_altar_orc
Elf:1:    minmay_slanted_spiral_squares, layout_gridlike,
          minmay_elf_crystal_hexagon
Elf:2:    layout_geoelf_grid, serial_shops, shop, enter_trove_5, minivault_13
Elf:3:    nooodl_elf_gasket, layout_gridlike, serial_shops, shop_statue
Vaults:1: ontoclasm_vaults_twist, hangedman_vaults_stagger,
          hangedman_vaults_cutoff, nicolae_vaults_network_square,
          nicolae_vaults_big_ls, nicolae_vaults_yaktaur_gun_rack, v_misc_11,
          serial_ice_m, sword_in_stone, layout_vaults_chaotic_city,
          uniq_asterion
Vaults:2: grunt_vaults_hallway_short, grunt_vaults_bifocal, v_misc_27,
          nicolae_vaults_specimen_jars, v_misc_26, vaults_room_door_ring,
          hangedman_vaults_nails, v_misc_27, v_rooms_2,
          nicolae_vaults_network_s, nicolae_vaults_octagons,
          layout_vaults_maze_bifur, serial_shops, shop, uniq_mennas
Vaults:3: nicolae_vaults_ninety_degrees, v_misc_26, v_misc_25,
          nicolae_vaults_halls_meeting, v_misc_30,
          minmay_crypt_entry_simple_round, hangedman_vaults_restitches,
          ontoclasm_vaults_tryst, v_rooms_5, nicolae_vaults_little_squares_5,
          vaults_mumra_hexcomb, vaults_room_pools, vaults_dpeg_hooks,
          layout_vaults_ring, uniq_margery, uniq_xtahua, uniq_mara
Vaults:4: hangedman_vaults_nails, hangedman_vaults_hat,
          nicolae_vaults_little_squares_6, v_misc_29, grunt_vaults_trifunnel,
          ontoclasm_vaults_loading_screen, vaults_dpeg_diagonal,
          layout_vaults_omnigrid, serial_shops, nicolae_shop_overgrown_old_shop
Crypt:1:  layout_gridlike, grunt_crypt_arrival_webbed, uniq_saint_roka
Crypt:2:  layout_basic, minivault_27, uniq_donald
Crypt:3:  quadcrypt_mu
Depths:1: layout_basic, enter_ziggurat_b, kennysheep_small_spiral,
          hangedman_coc_ice_floe, serial_shops, bzr_in_the_mist,
          kennysheep_mini_moat, shop, shop, nicolae_shop_trees, pandoras_box_mu,
          minmay_shoptagon, serial_bayou_shore_b, serial_bayou_shore_b
Depths:2: minmay_the_grid_triangle_9x9_recursive_3
          [minmay_the_grid_triangle_9x9_empty,
          minmay_the_grid_triangle_9x9_limited_checkers,
          minmay_the_grid_triangle_9x9_empty,
          minmay_the_grid_triangle_9x9_prize_schism,
          minmay_the_grid_triangle_9x9_pentomino_pain,
          minmay_the_grid_triangle_9x9_sparse_checkered,
          minmay_the_grid_triangle_9x9_warning,
          minmay_the_grid_triangle_9x9_skeleton,
          minmay_the_grid_triangle_9x9_windchime], layout_cross,
          grunt_pan_entry_spiral, hell_entry, minmay_staircase_statues,
          uniq_aizul
Depths:3: abrahamwl_protected_by_tso_3, layout_gridlike, infiniplex_staircase_x,
          hell_entry, rand_demon_pan_entry_5, st_stairs_3,
          chequers_hall_statues_wall_a
Depths:4: evilmike_iron_armoury, layout_cave_pools,
          hangedman_abyss_or_decor_passed, rand_demon_pan_entry_3, hell_entry,
          abyss_entry, chequers_serial_rivers_room_a,
          minmay_staircase_windowed_large
Depths:5: grunt_twist_and_shout, layout_cave_pools, hell_entry,
          kennysheep_crisscross, st_stairs_9, serial_bayou_shore_b,
          infiniplex_staircase_pool_lava
Zot:1:    layout_misc_corridors, st_large_dragon_hoard_2
Zot:2:    lemuel_firehouse, layout_concentric_octagons, zot_minivault_2
Zot:3:    layout_concentric_octagons
Zot:4:    layout_gridlike
Zot:5:    layout_misc_corridors, grunt_ministairs_1

Skill      XL: |  1  2  3  4  5  6  7  8  9 10 11 12 13 14 15 16 17 18 19 20 21 22 23 24 25 26 27 |
---------------+----------------------------------------------------------------------------------+-----
Earth Magic    | 4 5 6 7 9 10 11 12 | 12.0
Conjurations   | 1 2 3 4 6 7 8 9 11 12 13 15 17 18 | 18.0
Spellcasting   | 3 4 6 8 10 11 12 14 15 16 17 18 19 20 | 20.0
Fighting       | 2 4 6 7 9 10 11 13 14 15 16 17 18 19 20 21 22 24 26 | 26.3
Shields        | 1 4 7 9 11 13 15 16 18 20 22 23 24 25 | 25.0
Armour         | 4 6 10 12 13 | 13.0
Necromancy     | 2 4 6 |  6.0
Charms         | 3 |  3.0
Summonings     | 5 7 10 11 12 | 12.0
Hexes          | 1 4 |  4.0
Dodging        | 9 |  9.9
Stealth        | |  2.1
Transmutations | |  0.7

Action                   |  1- 3 |  4- 6 |  7- 9 | 10-12 | 13-15 | 16-18 | 19-21 | 22-24 | 25-27 || total
-------------------------+-------+-------+-------+-------+-------+-------+-------+-------+-------++-------
Melee: Dagger            |   116 |    63 |    85 |       |       |       |       |       |       ||   264
       Staff             |     6 |       |       |       |       |       |       |       |       ||     6
       Long sword        |       |       |    96 |   148 |   200 |   367 |   538 |   845 |   675 ||  2869
 Cast: Sandblast         |    25 |    29 |    89 |    63 |   147 |    24 |    19 |    10 |       ||   406
       Stone Arrow       |       |    11 |    20 |   235 |   641 |   811 |   605 |   183 |       ||  2506
       Lee's Rapid Decon |       |       |     1 |    11 |    44 |    38 |    38 |   107 |    20 ||   259
       Petrify           |       |       |       |     2 |       |       |       |       |       ||     2
       Passwall          |       |       |       |       |     4 |     3 |       |     1 |     1 ||     9
       Borgnjor's Vile C |       |       |       |       |       |    92 |   209 |   220 |   124 ||   645
       Regeneration      |       |       |       |       |       |       |     9 |     5 |    21 ||    35
       Iron Shot         |       |       |       |       |       |       |     5 |    70 |   510 ||   585
       Summon Mana Viper |       |       |       |       |       |       |       |    14 |     4 ||    18
       Blink             |       |       |       |       |       |       |       |     1 |     2 ||     3
       Spellforged Servi |       |       |       |       |       |       |       |     2 |    38 ||    40
       Orb of Destructio |       |       |       |       |       |       |       |       |    12 ||    12
       Shadow Creatures  |       |       |       |       |       |       |       |       |     6 ||     6
Invok: Bribe Branch      |       |       |       |       |       |       |       |       |     6 ||     6
       Call Merchant     |       |       |       |       |       |       |       |       |     3 ||     3
       Potion Petition   |       |       |       |       |       |       |       |       |     1 ||     1
 Abil: Fly               |       |       |       |       |     1 |       |       |       |       ||     1
       Evoke Invisibilit |       |       |       |       |       |     3 |       |       |     4 ||     7
Evoke: Wand              |       |       |     3 |     3 |     2 |    10 |     7 |     5 |     4 ||    34
       Lamp of fire      |       |       |       |       |       |       |     2 |     1 |     1 ||     4
       Phantom mirror    |       |       |       |       |       |       |       |     1 |       ||     1
  Use: Potion            |       |     1 |       |       |     1 |       |     1 |     2 |     8 ||    13
       Scroll            |       |       |     9 |     1 |    17 |    17 |    10 |     2 |    19 ||    75
 Stab: Sleeping          |     3 |       |     2 |       |       |       |       |       |       ||     5
       Distracted        |       |       |     3 |     1 |       |     1 |     3 |     1 |    10 ||    19
       Confused          |       |       |       |     2 |       |       |       |       |       ||     2
       Petrified         |       |       |       |     6 |       |       |     3 |       |       ||     9
       Invisible         |       |       |       |       |       |     5 |       |       |     1 ||     6
  Eat: Chunk             |     3 |     7 |       |       |       |       |       |       |       ||    10
       Ration            |       |     1 |     4 |     8 |    15 |    15 |    14 |    15 |    22 ||    94
Armor: Robe              |    63 |    30 |   118 |   145 |   176 |       |       |       |       ||   532
       Ring mail         |       |       |       |       |   263 |   609 |   607 |   621 |   692 ||  2792
Dodge: Dodged            |   116 |    48 |   135 |   178 |   288 |   358 |   554 |   544 |   410 ||  2631
Block: Shield            |       |       |       |       |   301 |   615 |   855 |  1106 |   649 ||  3526
       Reflection        |       |       |       |       |       |    22 |    94 |    79 |    22 ||   217
       Large shield      |       |       |       |       |       |       |       |       |   637 ||   637
       Rpst.: Long sword |       |       |    24 |    57 |    77 |    59 |   109 |   119 |    81 ||   526
